 Dungeon Crawl Stone Soup version 0.20-a0-526-g753eaab (webtiles) character file.

21760 kroki the Unseen (level 12, 59/59 HPs)
             Began as a Felid Enchanter on Jan 26, 2017.
             Was the Champion of Kikubaaqudgha.
             Quit the game on level 6 of the Lair of Beasts.
             The game lasted 01:29:22 (32637 turns).

kroki the Unseen (Felid Enchanter)                 Turns: 32637, Time: 01:29:22

Health: 59/59      AC:  3    Str:  4    XL:     12   Next: 57%
Magic:  29/29      EV: 30    Int: 21    God:    Kikubaaqudgha [******]
Gold:   1542       SH:  0    Dex: 17    Spells: 4/21 levels left
                                        Lives:  0   Deaths: 3

rFire    . . .     SeeInvis +     - Unarmed
rCold    + . .     Gourm    .   (armour unavailable)
rNeg     . . .     Faith    .   (shield unavailable)
rPois    .         Spirit   +   (helmet unavailable)
rElec    .         Reflect  .   (cloak unavailable)
rCorr    .         Harm     .   (gloves unavailable)
MR       ++...                  (boots unavailable)
Stlth    ++++++....             T - amulet of guardian spirit {Spirit}
Regen    0.2/turn               U - ring of magical power {MP+9}
                                j - ring of protection from magic {MR+, !d}

@: quick
A: no armour, no weapons or thrown items, stealth, claws 1, fangs 3, see
invisible, carnivore 3, speed 1, shaggy fur 3, slow metabolism 1, sharp paws
a: Receive Corpses, Torment, Renounce Religion


You were on level 6 of the Lair of Beasts.
You worshipped Kikubaaqudgha.
Kikubaaqudgha was exalted by your worship.
You were not hungry.

You visited 4 branches of the dungeon, and saw 20 of its levels.
You also visited: Labyrinth, Ossuary and Bailey.

You collected 2215 gold pieces.
You spent 673 gold pieces at shops.

Inventory:

Jewellery
 j - a ring of protection from magic (left paw) {MR+, !d}
   (You found it on level 5 of the Lair of Beasts)
 k - an uncursed ring of poison resistance {rPois, !d}
   (You found it on level 4 of the Dungeon)
 m - an uncursed ring of protection from magic {MR+, !d}
   (You found it on level 3 of the Dungeon)
 y - an uncursed ring of resist corrosion
   (You found it in an ossuary)
 J - a +2 ring of protection
   (You found it on level 5 of the Lair of Beasts)
 N - an uncursed ring of protection from cold {rC+, !d}
   (You found it on level 4 of the Lair of Beasts)
 T - an amulet of guardian spirit (around neck) {Spirit}
   (You bought it in a shop on level 4 of the Dungeon)
 U - a ring of magical power (right paw) {MP+9}
   (You bought it in a shop on level 4 of the Dungeon)
Wands
 P - a wand of paralysis (20/24)
   (You found it on level 4 of the Lair of Beasts)
Scrolls
 e - 5 scrolls of teleportation
 i - 5 scrolls of fog
 l - 6 scrolls of recharging
 o - a scroll of magic mapping {!r}
 p - 12 scrolls of remove curse
 t - 3 scrolls of blinking {!r}
 L - 4 scrolls of identify
 Q - a scroll of fear
Potions
 g - 2 potions of degeneration {!q}
 h - 2 potions of magic
 n - a potion of cure mutation {!q}
 r - 13 potions of curing
 s - 3 potions of resistance
 v - a potion of agility
 w - a potion of haste
 x - 4 potions of berserk rage {!q}
 z - 4 potions of flight
 A - 3 potions of might
 B - a potion of cancellation
 C - a potion of ambrosia
 D - 2 potions of invisibility
 H - 3 potions of brilliance
 K - 2 potions of heal wounds
Books
 a - a book of Maledictions
 q - Kikubaaqudgha's Handbook of Stolen Souls
   (Kikubaaqudgha gifted it to you on level 6 of the Dungeon)

   Spells                             Type                      Level
   a - Animate Skeleton               Necromancy                   1
   b - Corpse Rot                     Necromancy                   2
   c - Sublimation of Blood           Necromancy                   2
   d - Regeneration                   Charms/Necromancy            3
   e - Control Undead                 Necromancy                   4
 u - Kikubaaqudgha's Papyrus of Stolen Souls
   (Kikubaaqudgha gifted it to you on level 7 of the Dungeon)

   Spells                             Type                      Level
   a - Animate Dead                   Necromancy                   4
   b - Bolt of Draining               Conjuration/Necromancy       5
   c - Agony                          Necromancy                   5
   d - Dispel Undead                  Necromancy                   5
   e - Death Channel                  Necromancy                   6
 E - a Necronomicon
   (Kikubaaqudgha gifted it to you on level 1 of the Orcish Mines)
 G - a book of Beasts
   (You found it in a labyrinth)
Miscellaneous
 I - a lamp of fire (inert)
   (You found it on level 1 of the Lair of Beasts)
 M - a box of beasts
 S - a lightning rod (inert)
   (You found it on level 5 of the Lair of Beasts)
Comestibles
 b - 12 meat rations {@e2}
 F - 9 royal jellies


   Skills:
 + Level 10.6 Fighting
 + Level 13.9 Dodging
 - Level 15.0 Stealth
 - Level 10.6 Unarmed Combat
 - Level 5.0 Spellcasting
 - Level 11.1 Hexes
 - Level 5.0 Charms
 + Level 11.2 Necromancy


You had 4 spell levels left.
You knew the following spells:

 Your Spells              Type           Power        Failure   Level  Hunger
a - Ensorcelled Hibernat  Hex/Ice        ####..       1%          2    None
b - Tukima's Dance        Hex            ######..     1%          3    ##.....
c - Confuse               Hex            ######..     1%          3    ##.....
e - Animate Dead          Necr           N/A          1%          4    ####...
r - Regeneration          Chrm/Necr      #####.....   1%          3    ##.....
s - Shroud of Golubria    Chrm/Tloc      ###.......   8%          2    None


Dungeon Overview and Level Annotations

Branches:
Dungeon (11/15)            Temple (0/1) D:6            Lair (6/6) D:8
 Shoals (0/4) Lair:2       Spider (0/4) Lair:4        Slime (1/5) Lair:5
    Orc (2/2) D:11            Elf (0/3) Orc:2

Altars:
Ashenzari
Cheibriados
Kikubaaqudgha
Nemelex Xobeh
Qazlal
Ru
Trog
Uskayaw
Vehumet
The Shining One
Beogh

Shops:
D:4 %*=:   D:11 =   Orc:2 !

Annotations:
Lair:3 exclusion: 2 oklob plants
Lair:4 exclusion: oklob plant


Innate Abilities, Weirdness & Mutations

You cannot wear armour.
You are incapable of wielding weapons or throwing items.
Your paws allow you to move quietly. (Stealth)
You have sharp claws.
You have razor-sharp teeth.
You have supernaturally acute eyesight. (SInv)
You are carnivorous and can eat meat at any time.
You cover ground quickly.
Your thick and shaggy fur keeps you warm. (AC +3, rC+)
You have a slow metabolism.
Your sharp claws are effective at attacking unaware monsters.


Message History

Your elephant skeleton tramples the dire elephant.
The dire elephant tramples your elephant skeleton!
Your elephant skeleton holds its ground!
The dire elephant trunk-slaps your elephant skeleton.
There is an open door here.
A dire elephant comes into view.
A dire elephant is nearby!
Kikubaaqudgha delivers you corpses!
You feel somewhat more hungry.
You now have 13/30 mp.
You call on the dead to rise...
The dead are walking and hopping!
The dire elephant trumpets!
You now have 9/30 mp.
You swap places.
You swap places.
The dire elephant completely misses your crocodile zombie.
The dire elephant barely misses your crocodile zombie.
You swap places.
Your crocodile zombie bites the dire elephant.
You swap places.
The dire elephant tramples your crocodile zombie.
Your crocodile zombie holds its ground!
The dire elephant trunk-slaps your crocodile zombie.
Your crocodile zombie bites the dire elephant.
The dire elephant tramples your crocodile zombie!
Your crocodile zombie holds its ground!
The dire elephant trunk-slaps your crocodile zombie!
The dire elephant tramples your crocodile zombie!!
Your crocodile zombie holds its ground!
Your crocodile zombie is destroyed!
The dire elephant tramples your spiny frog zombie!
Your spiny frog zombie holds its ground!
The dire elephant trunk-slaps your spiny frog zombie.
Your spiny frog zombie hits the dire elephant but does no damage.
The dire elephant tramples your spiny frog zombie!!
Your spiny frog zombie holds its ground!
The dire elephant barely misses your spiny frog zombie.
Your spiny frog zombie hits the dire elephant!
The dire elephant tramples your spiny frog zombie!!!
Your spiny frog zombie holds its ground!
Your spiny frog zombie is destroyed!
The dire elephant tramples your komodo dragon zombie!
Your komodo dragon zombie holds its ground!
The dire elephant trunk-slaps your komodo dragon zombie!
Your komodo dragon zombie bites the dire elephant.
The dire elephant tramples your komodo dragon zombie!!
Your komodo dragon zombie stumbles backwards!
Your komodo dragon zombie bites the dire elephant.
The dire elephant tramples your komodo dragon zombie!
Your komodo dragon zombie stumbles backwards!
The dire elephant tramples your komodo dragon zombie!!
Your komodo dragon zombie stumbles backwards!
Your komodo dragon zombie is destroyed!
Okay, then.
Aim: a dire elephant (lightly wounded)
The thunderbolt hits the dire elephant.
You hear a trumpeting!
The dire elephant misses you. The dire elephant trunk-slaps you.
You take 2 damage, and have 55/62 hp.
Aim: a dire elephant (moderately wounded)
The thunderbolt hits the dire elephant.
The dire elephant barely misses you. The dire elephant trunk-slaps you.
You take 2 damage, and have 53/62 hp.
You now have 11/30 mp.
Aim: a dire elephant (moderately wounded)
The thunderbolt hits the dire elephant.
The dire elephant tramples you!
You stumble backwards!
You take 11 damage, and have 42/62 hp.
You now have 9/30 mp.
Aim: a dire elephant (heavily wounded)
The thunderbolt hits the dire elephant.
The lightning rod overheats!
The dire elephant completely misses you.
The dire elephant trunk-slaps you!
You take 6 damage, and have 36/62 hp.
You now have 8/30 mp.
Kikubaaqudgha delivers you corpses!
You feel quite a bit more hungry. The dire elephant tramples you!!
* * * LOW HITPOINT WARNING * * *
You stumble backwards!
You take 27 damage, and have 9/62 hp.
MASSIVE DAMAGE!!
You now have 1/30 mp.
As you read the scroll of teleportation, it crumbles to dust.
You feel strangely unstable.
Unknown command.
Unknown command.
Your surroundings suddenly seem different.
A crocodile and 4 death yaks come into view.
The death yak bellows!
You start resting.
Your skin crawls.
You now have 9/30 mp.
Your skin crawls.
You regained 2 hp, and now have 21/62 hp.
You now have 6/30 mp.
Your skin crawls.
You now have 3/30 mp.
Your skin crawls.
The death yak gores you!!
You die...
You are now level 12!
You rejoin the land of the living...
A crocodile and a dire elephant come into view.
Health restored: 59; MP restored: 29

.P#...#.....Y#####....##P..#...##
.........t....##.................
.................................
.................................
.......................<.........
.................................
.P...+#........P.#.P.Pt..YP......
.###..#..##....#....#P.....#.##.#
..###...###...#.@.........####..#
.###.....#....#.....#.....###...#
..#.....#............#....##....#
..#PP....#................##.....
.##P....##.....#....#......##....
..####.F.#.......#.###....###.#(#
..####P..##...##..####....###..##
.P...#....#.......#.........#..##
.................PPP.............


You could see a crocodile (wandering).

Vanquished Creatures
  2 hydras
  Erica (D:9)
  7 two-headed ogres
  2 death yaks (Lair:6)
  The ghost of Yoshimo the Martial Artist, a novice DsCK of Xom (D:9)
  Urug (D:10)
  An orc high priest (Orc:1)
  2 unseen horrors (Lab)
  7 orc knights
  3 orc sorcerers
  8 deep elf magi (Orc:1)
  A cyclops (D:11)
  2 black mambas
  2 elephants (Lair:6)
  The ghost of psellion the Chiller, a novice GrIE (D:6)
  2 torpor snails (Lair:6)
  17 spiny frogs
  3 rime drakes
  5 komodo dragons
  2 kobold demonologists (D:11)
  Prince Ribbit (D:9)
  6 trolls
  The ghost of Feta the Shield-Bearer, an amateur BaFi (D:4)
  Grinder (D:5)
  13 blink frogs
  5 hippogriffs
  3 slime creatures (D:10)
  A wraith (D:10)
  29 yaks
  A vampire (D:11)
  4 wyverns
  2 basilisks
  Grum (D:9)
  A hungry ghost (D:11)
  4 wargs
  2 soldier ants (D:9)
  An acid dragon (D:11)
  12 water moccasins
  10 porcupines
  29 orc warriors
  3 ice beasts
  A hornet zombie (Ossuary)
  2 phantoms
  2 necrophages (D:11)
  11 ogres
  7 wolves
  18 crocodiles
  6 centaurs
  16 bullfrogs
  A gnoll sergeant (D:6)
  2 wyvern skeletons
  A water moccasin zombie (D:8)
  3 scorpions
  5 killer bees (D:5)
  8 wights
  An electric eel (Orc:1)
  2 howler monkeys
  A troll skeleton (Lab)
  2 crimson imps (D:7)
  3 centaur zombies
  5 bullfrog zombies
  7 orc priests
  7 hounds
  2 centaur skeletons
  A jelly (D:5)
  11 mummies (Ossuary)
  Crazy Yiuf (D:5)
  23 orc wizards
  3 bullfrog skeletons
  3 iguanas
  10 worker ants
  A killer bee zombie (Ossuary)
  2 hound zombies
  2 hound skeletons
  4 worker ant zombies
  8 gnolls
  13 adders
  A shadow imp (D:10)
  2 oozes (D:2)
  An adder skeleton (D:5)
  7 adder zombies
  5 worms
  2 dart slugs
  5 leopard geckos
  69 orcs
  2 ball pythons
  5 giant cockroaches
  7 goblins
  6 hobgoblins
  13 jackals
  8 kobolds
  7 quokkas
  4 bats
  7 frilled lizards
  A jackal zombie (Ossuary)
  A leopard gecko zombie (Ossuary)
  A quokka skeleton (D:7)
  2 quokka zombies (Ossuary)
  4 rats (D:1)
  A fungus (D:5)
  3 plants (Lair:6)
559 creatures vanquished.

Vanquished Creatures (collateral kills)
  Gastronok (Lair:3)
  A minotaur (Lab)
  An anaconda (Lair:6)
  A two-headed ogre (D:9)
  A death yak (Lair:6)
  A slime creature (D:10)
  2 elephants (Lair:6)
  2 spiny frogs (Lair:6)
  A troll (Orc:1)
  4 blink frogs (Lair:6)
  A hippogriff (D:9)
  A wyvern (Lair:6)
  2 yaks (Lair:6)
  A hungry ghost (D:9)
  2 porcupines
  2 water moccasins (Lair:6)
  2 orc warriors (Orc:1)
  6 wolves
  2 centaurs
  A crocodile (Lair:6)
  A gnoll sergeant (D:8)
  A bullfrog (D:8)
  A scorpion (D:10)
  A bullfrog skeleton (D:8)
  An orc wizard (D:6)
  An iguana (D:8)
  A worker ant (D:9)
  5 gnolls
  An adder (D:8)
  10 orcs
  4 goblins (D:7)
  2 jackals
  A quokka (D:7)
  3 fungi
68 creatures vanquished.

Vanquished Creatures (others)
  13 dancing weapons
  A human (D:5)
  A bush (D:8)
  12 fungi
  24 plants
  2 withered plants (Ossuary)
53 creatures vanquished.

Grand Total: 680 creatures vanquished

Notes
Turn   | Place    | Note
-------+----------+-------------------------------------------
     0 | D:1      | kroki the Felid Enchanter began the quest for the Orb.
     0 | D:1      | Reached XP level 1. HP: 7/7 MP: 4/4
   118 | D:1      | Reached skill level 5 in Hexes
   533 | D:1      | Reached XP level 2. HP: 7/11 MP: 4/6
   537 | D:1      | Learned a level 2 spell: Ensorcelled Hibernation
   985 | D:1      | Reached skill level 6 in Hexes
  1155 | D:1      | Reached XP level 3. HP: 10/14 MP: 4/7
  1188 | D:1      | Learned a level 3 spell: Confuse
  1829 | D:2      | Reached skill level 2 in Unarmed Combat
  1904 | D:2      | Found a sparkling altar of Nemelex Xobeh.
  2446 | D:2      | Reached XP level 4. HP: 11/18 MP: 4/8
  3280 | D:3      | Found a hide-covered altar of Uskayaw.
  3400 | D:3      | Found a shattered altar of Ashenzari.
  3403 | D:3      | Found a bloodstained altar of Trog.
  3450 | D:3      | Found a sacrificial altar of Ru.
  3458 | D:3      | Reached skill level 3 in Unarmed Combat
  3782 | D:4      | Reached skill level 3 in Dodging
  3886 | D:4      | Found Zujor's Jewellery Boutique.
  4114 | D:4      | Reached skill level 1 in Fighting
  4114 | D:4      | Reached XP level 5. HP: 22/22 MP: 3/9
  4238 | D:4      | Noticed Feta's ghost (amateur BaFi)
  4540 | D:4      | Found Xoshra's General Store.
  4547 | D:4      | Bought a scroll of remove curse for 33 gold pieces
  4558 | D:4      | Learned a level 3 spell: Tukima's Dance
  4566 | D:4      | Found Xecoomaf's Food Boutique.
  4713 | D:4      | Found Hacudy's Book Shop.
  4758 | D:5      | Entered Level 5 of the Dungeon
  4779 | D:5      | HP: 11/49 [killer bee (3)]
  4782 | D:5      | Reached skill level 4 in Dodging
  4782 | D:5      | Reached skill level 4 in Unarmed Combat
  4784 | D:5      | Reached skill level 2 in Fighting
  4784 | D:5      | Gained mutation: You are covered in thick fur. (AC +2) [Felid growth]
  4784 | D:5      | Reached XP level 6. HP: 11/26 MP: 3/10
  4784 | D:5      | HP: 10/58 [poisoned by a killer bee]
  4789 | D:5      | HP: 5/60 [poisoned by a killer bee]
  4790 | D:5      | HP: 2/60 [killer bee (3)]
  4791 | D:5      | Slain by a killer bee
  4792 | D:5      | Reached XP level 5. HP: -3/51 MP: 3/9
  4797 | D:5      | Noticed Grinder
  4825 | D:5      | Killed Grinder
  4825 | D:5      | Reached skill level 6 in Stealth
  4825 | D:5      | Reached XP level 6. HP: 25/27 MP: 3/10
  4987 | D:5      | Reached skill level 7 in Stealth
  4987 | D:5      | Reached XP level 7. HP: 23/30 MP: 2/11
  5061 | D:5      | Found an ancient bone altar of Kikubaaqudgha.
  5061 | D:5      | Noticed a human
  5063 | D:5      | Killed a human
  5068 | D:5      | Became a worshipper of Kikubaaqudgha
  5235 | D:5      | Reached skill level 8 in Stealth
  5364 | D:5      | Reached skill level 9 in Stealth
  5371 | D:5      | Found a glowing golden altar of the Shining One.
  5638 | D:5      | Found a radiant altar of Vehumet.
  5771 | D:5      | Found a runed door.
  5777 | D:5      | Noticed Crazy Yiuf
  5781 | D:5      | Killed Crazy Yiuf
  5781 | D:5      | Reached skill level 10 in Stealth
  5905 | D:6      | Reached skill level 5 in Unarmed Combat
  5905 | D:6      | Reached XP level 8. HP: 34/34 MP: 5/12
  6026 | D:4      | Killed Feta's ghost
  6026 | D:4      | Reached skill level 3 in Fighting
  6026 | D:4      | Reached skill level 5 in Dodging
  6545 | D:6      | Found a stormy altar of Qazlal.
  6600 | D:6      | Reached * piety under Kikubaaqudgha
  6600 | D:6      | Identified Kikubaaqudgha's Handbook of Stolen Souls (Kikubaaqudgha gifted it to you on level 6 of the Dungeon)
  6600 | D:6      | Received a gift from Kikubaaqudgha
  6606 | D:6      | Learned a level 1 spell: Animate Skeleton
  6609 | D:6      | Learned a level 2 spell: Corpse Rot
  6904 | D:6      | Reached skill level 4 in Fighting
  7037 | D:6      | Reached skill level 6 in Dodging
  7037 | D:6      | Reached skill level 1 in Necromancy
  7044 | D:6      | Reached skill level 2 in Necromancy
  7201 | D:6      | HP: 5/36 [orc wizard/puff of frost (11)]
  7410 | D:6      | Found a staircase to the Ecumenical Temple.
  7645 | D:6      | Noticed psellion's ghost (novice GrIE)
  7656 | D:6      | Killed psellion's ghost
  7656 | D:6      | Reached skill level 7 in Dodging
  7656 | D:6      | Reached skill level 3 in Necromancy
  7656 | D:6      | Reached XP level 9. HP: 38/40 MP: 7/13
  8256 | D:7      | Found a sand-covered staircase.
  8268 | Ossuary  | Entered an ossuary
  8286 | Ossuary  | Reached skill level 5 in Fighting
  8381 | Ossuary  | HP: 9/40 [hornet zombie (9)]
  8399 | Ossuary  | Reached skill level 4 in Necromancy
  8608 | Ossuary  | Reached ** piety under Kikubaaqudgha
  8666 | Ossuary  | HP: 8/40 [killer bee zombie (4)]
  9068 | D:7      | Found a snail-covered altar of Cheibriados.
  9091 | D:7      | Found a flagged portal.
  9119 | Bailey   | Entered a bailey
  9119 | Bailey   | Noticed an orc knight
  9119 | Bailey   | Noticed an orc knight
  9204 | Bailey   | Noticed an orc knight
  9357 | Bailey   | Reached skill level 3 in Spellcasting
  9363 | Bailey   | Killed an orc knight
  9363 | Bailey   | Reached skill level 8 in Dodging
  9363 | Bailey   | Reached skill level 7 in Hexes
  9474 | Bailey   | Reached skill level 8 in Hexes
  9483 | Bailey   | Killed an orc knight
  9483 | Bailey   | Reached skill level 6 in Fighting
  9483 | Bailey   | Reached XP level 10. HP: 45/45 MP: 1/16
  9585 | Bailey   | Killed an orc knight
  9585 | Bailey   | Reached skill level 4 in Spellcasting
  9587 | Bailey   | Reached skill level 9 in Hexes
  9692 | Bailey   | Noticed an orc knight
  9703 | Bailey   | Killed an orc knight
  9824 | Bailey   | Noticed an orc knight
  9831 | Bailey   | Reached skill level 9 in Dodging
  9849 | Bailey   | Killed an orc knight
  9849 | Bailey   | Reached skill level 10 in Hexes
  9946 | D:7      | Learned a level 3 spell: Regeneration
 10015 | D:7      | Reached *** piety under Kikubaaqudgha
 10015 | D:7      | Identified Kikubaaqudgha's Papyrus of Stolen Souls (Kikubaaqudgha gifted it to you on level 7 of the Dungeon)
 10015 | D:7      | Received a gift from Kikubaaqudgha
 10043 | D:7      | Learned a level 4 spell: Animate Dead
 10589 | D:7      | Reached skill level 1 in Charms
 11036 | D:8      | Reached skill level 2 in Charms
 11438 | D:8      | Reached skill level 3 in Charms
 11450 | D:8      | Reached skill level 4 in Charms
 12032 | D:8      | Reached skill level 7 in Fighting
 12312 | D:8      | Reached skill level 6 in Unarmed Combat
 12366 | D:8      | You fall through a shaft!
 12465 | D:9      | Reached skill level 5 in Charms
 12507 | D:9      | Noticed Grum
 12514 | D:9      | Reached XP level 11. HP: 50/50 MP: 5/19
 12525 | D:8      | Reached skill level 10 in Dodging
 12528 | D:8      | Reached **** piety under Kikubaaqudgha
 12664 | D:9      | Killed Grum
 12742 | D:9      | Noticed Prince Ribbit
 12869 | D:9      | Noticed Erica
 13383 | D:8      | Found a staircase to the Lair.
 14053 | Lair:1   | Entered Level 1 of the Lair of Beasts
 14135 | Lair:1   | Found a radiant altar of Vehumet.
 14231 | Lair:1   | Reached skill level 11 in Stealth
 14265 | Lair:1   | Found a labyrinth entrance.
 14272 | Lab      | Entered a labyrinth
 14308 | Lab      | Noticed an unseen horror
 14325 | Lab      | Killed an unseen horror
 14325 | Lab      | Reached skill level 12 in Stealth
 14333 | Lab      | Noticed an unseen horror
 14339 | Lab      | Killed an unseen horror
 14480 | Lab      | Noticed a minotaur
 14505 | Lab      | Killed a minotaur
 14505 | Lab      | Reached skill level 13 in Stealth
 14929 | Lair:1   | Reached skill level 14 in Stealth
 15698 | Lair:2   | Found a staircase to the Shoals.
 16441 | Lair:3   | Reached skill level 15 in Stealth
 16573 | Lair:3   | Noticed Gastronok
 16729 | Lair:3   | Gained mutation: Your thick and shaggy fur keeps you warm. (AC +3, rC+) [Felid growth]
 16729 | Lair:3   | Reached XP level 12. HP: 54/54 MP: 12/20
 17017 | Lair:3   | Killed Gastronok
 17017 | Lair:3   | Reached skill level 11 in Dodging
 17017 | Lair:3   | Reached skill level 7 in Unarmed Combat
 17017 | Lair:3   | Reached skill level 11 in Hexes
 17281 | Lair:3   | Noticed a six-headed hydra
 17314 | Lair:3   | Killed a six-headed hydra
 17514 | Lair:3   | Reached skill level 8 in Unarmed Combat
 17949 | Lair:4   | Found a hole to the Spider Nest.
 18106 | Lair:4   | Reached ***** piety under Kikubaaqudgha
 18125 | Lair:4   | Reached skill level 9 in Unarmed Combat
 19086 | Lair:4   | Reached skill level 10 in Unarmed Combat
 19607 | Lair:5   | Found a staircase to the Slime Pits.
 20630 | Lair:5   | Reached skill level 8 in Fighting
 20965 | Lair:6   | Entered Level 6 of the Lair of Beasts
 21049 | Lair:6   | Noticed a death yak
 21051 | Lair:6   | Noticed a death yak
 21054 | Lair:6   | Noticed a death yak
 21057 | Lair:6   | Killed a death yak
 21095 | Slime:1  | Entered Level 1 of the Pits of Slime
 21312 | Lair:6   | Killed a death yak
 21316 | Lair:6   | Killed a death yak
 21537 | Lair:6   | Reached XP level 13. HP: 37/59 MP: 8/21
 21833 | Lair:6   | Reached skill level 12 in Dodging
 22144 | Lair:6   | Reached skill level 9 in Fighting
 22150 | Lair:6   | HP: 12/60 [yak[a torpor snail] (16)]
 22748 | D:4      | Bought an uncursed amulet of guardian spirit for 420 gold pieces
 22790 | D:4      | Bought an uncursed ring of magical power for 220 gold pieces
 23147 | D:9      | Killed Prince Ribbit
 23147 | D:9      | Reached skill level 5 in Necromancy
 23158 | D:9      | Killed Erica
 23263 | D:9      | Noticed Yoshimo's ghost (novice DsCK)
 23283 | D:9      | Killed Yoshimo's ghost
 23283 | D:9      | Reached skill level 6 in Necromancy
 23645 | D:9      | Found a radiant altar of Vehumet.
 24099 | D:10     | Entered Level 10 of the Dungeon
 24284 | D:10     | Noticed Urug
 24302 | D:10     | Killed Urug
 24302 | D:10     | Reached skill level 7 in Necromancy
 25012 | D:10     | Reached skill level 8 in Necromancy
 25702 | D:11     | Reached skill level 9 in Necromancy
 25778 | D:11     | Learned a level 2 spell: Shroud of Golubria
 25800 | D:11     | Found a staircase to the Orcish Mines.
 26016 | D:11     | Found a roughly hewn altar of Beogh.
 26545 | D:11     | Reached ****** piety under Kikubaaqudgha
 26641 | D:11     | Found Zaut's Jewellery Emporium.
 26669 | D:11     | Reached skill level 10 in Necromancy
 26931 | Orc:1    | Entered Level 1 of the Orcish Mines
 27776 | Orc:1    | Received a gift from Kikubaaqudgha
 27846 | Orc:1    | Reached skill level 5 in Spellcasting
 27865 | Orc:1    | Reached XP level 14. HP: 64/64 MP: 15/22
 27906 | Orc:1    | HP: 11/64 [deep elf mage/bolt of fire (32)]
 28413 | Orc:1    | Reached skill level 13 in Dodging
 29628 | Orc:2    | Entered Level 2 of the Orcish Mines
 29655 | Orc:1    | HP: 10/65 [warg (12)]
 29658 | Orc:1    | HP: 1/65 [warg (12)]
 30045 | Orc:2    | Found a staircase to the Elven Halls.
 30078 | Orc:2    | Reached skill level 10 in Fighting
 30166 | Orc:2    | Found Anes's Distillery.
 30188 | Orc:2    | HP: 13/66 [orc warrior/dire flail (6)]
 30189 | Orc:2    | Killed from afar by an ogre mage
 30190 | Orc:2    | Reached XP level 13. HP: -21/61 MP: 0/30
 31126 | Lair:6   | Reached skill level 11 in Necromancy
 32107 | Lair:6   | HP: 8/62 [elephant (14)]
 32525 | Lair:6   | Noticed a dire elephant
 32545 | Lair:6   | Noticed a dire elephant
 32569 | Lair:6   | HP: 9/62 [dire elephant (27)]
 32633 | Lair:6   | Slain by a death yak
 32634 | Lair:6   | Reached XP level 12. HP: -1/59 MP: 0/29
 32634 | Lair:6   | Noticed a dire elephant
 32637 | Lair:6   | Quit the game

Vault maps used:
D:1:      lightli_arrival_windingriver
D:2:      nemelex_xobeh_ov_fountains_minmay, hangedman_decor_peaks_small
D:3:      nicolae_overflow_quartered_altars
D:4:      serial_shops, shop, shop, shop, shop, st_stairs_8, minivault_27
D:5:      kennysheep_mini_moat, lemuel_doored_altar, first_bread, minmay_holes,
          tgw_kikubaaqudgha, uniq_crazy_yiuf_cottage, uniq_grinder
D:6:      lemuel_round_altar, minmay_temple_entry_statues_pillars,
          minmay_misc_feat_alley, lemuel_flamethrower_1
D:7:      enter_bailey_3, nicolae_ossuary_entry_ruins, corexii_corridor_pit,
          cheibriados_altar_1
D:8:      minmay_lair_entry_grove
D:9:      basic_altar, serial_glass, glass_columns_a, glass_columns_a,
          hangedman_pestilent_swarm, uniq_prince_ribbit1, uniq_erica, uniq_grum
D:10:     uniq_urug
D:11:     minmay_orc_entry_temple_small, serial_shops, nicolae_shop_crystal
Lair:1:   basic_altar, lab_entry_generic
Lair:2:   elwin_shoals_entry_rocks
Lair:3:   minmay_lair_oklob_chamber, uniq_gastronok
Lair:4:   spider_nest_entry_web_field, minmay_lair_oklob_bushes
Lair:5:   slime_dummy
Lair:6:   due_jungle_book
Orc:1:    elves_outpost_lemuel
Orc:2:    st_orc_open
Lab:      nicolae_lab_dead_adventurers, nicolae_lab_grate_2,
          nicolae_lab_big_swirl, labyrinth_skeletal_remains, nicolae_lab_x,
          labyrinth_glass_1, nicolae_lab_diamond
Ossuary:  ossuary_zaba_flooded
Bailey:   bailey_polearm_4, bailey

Skill      XL: |  1  2  3  4  5  6  7  8  9 10 11 12 13 14 |
---------------+-------------------------------------------+-----
Hexes          | 5 6 8 10 11 | 11.1
Unarmed Combat | 2 3 4 5 6 10 | 10.6
Dodging        | 3 4 7 8 9 10 11 12 13 | 13.9
Fighting       | 1 2 4 6 7 8 9 10 | 10.6
Stealth        | 6 7 10 15 | 15.0
Necromancy     | 3 4 11 | 11.2
Spellcasting   | 3 4 5 |  5.0
Charms         | 5 |  5.0

Action                   |  1- 3 |  4- 6 |  7- 9 | 10-12 | 13-15 || total
-------------------------+-------+-------+-------+-------+-------++-------
Melee: Unarmed           |    81 |   100 |   287 |   415 |   765 ||  1648
       Bite              |     7 |     6 |    25 |    37 |    66 ||   141
       Punch             |       |     2 |     7 |     9 |    33 ||    51
 Cast: Corona            |     6 |       |       |       |       ||     6
       Ensorcelled Hiber |    19 |    16 |    12 |   135 |   176 ||   358
       Confuse           |     5 |    16 |    64 |    65 |    99 ||   249
       Tukima's Dance    |       |       |    16 |    13 |    12 ||    41
       Animate Skeleton  |       |       |     8 |       |       ||     8
       Corpse Rot        |       |       |     1 |       |       ||     1
       Animate Dead      |       |       |       |    60 |    57 ||   117
       Regeneration      |       |       |       |    11 |    21 ||    32
       Shroud of Golubri |       |       |       |       |     5 ||     5
Invok: Receive Corpses   |       |       |       |     2 |     6 ||     8
       Receive Necronomi |       |       |       |       |     1 ||     1
Evoke: Lightning rod     |       |       |       |       |     4 ||     4
       Lamp of fire      |       |       |       |       |     2 ||     2
       Box of beasts     |       |       |       |       |     1 ||     1
  Use: Scroll            |     7 |     5 |     7 |    11 |    10 ||    40
       Potion            |       |     3 |     7 |       |     2 ||    12
 Stab: Sleeping          |    21 |    17 |    28 |   102 |    99 ||   267
       Confused          |     3 |     4 |    30 |    33 |    40 ||   110
       Distracted        |       |       |     1 |     2 |     5 ||     8
  Eat: Chunk             |    12 |     8 |    22 |    24 |    37 ||   103
       Meat ration       |       |       |       |     1 |     1 ||     2
       Royal jelly       |       |       |       |     4 |       ||     4
Armor: Skin              |     4 |    31 |    28 |    13 |    22 ||    98
Dodge: Dodged            |    45 |    52 |   222 |   355 |   817 ||  1491

Vault maps used:
D:1:      lightli_arrival_windingriver
D:2:      nemelex_xobeh_ov_fountains_minmay, hangedman_decor_peaks_small
D:3:      nicolae_overflow_quartered_altars
D:4:      serial_shops, shop, shop, shop, shop, st_stairs_8, minivault_27
D:5:      kennysheep_mini_moat, lemuel_doored_altar, first_bread, minmay_holes,
          tgw_kikubaaqudgha, uniq_crazy_yiuf_cottage, uniq_grinder
D:6:      lemuel_round_altar, minmay_temple_entry_statues_pillars,
          minmay_misc_feat_alley, lemuel_flamethrower_1
D:7:      enter_bailey_3, nicolae_ossuary_entry_ruins, corexii_corridor_pit,
          cheibriados_altar_1
D:8:      minmay_lair_entry_grove
D:9:      basic_altar, serial_glass, glass_columns_a, glass_columns_a,
          hangedman_pestilent_swarm, uniq_prince_ribbit1, uniq_erica, uniq_grum
D:10:     uniq_urug
D:11:     minmay_orc_entry_temple_small, serial_shops, nicolae_shop_crystal
Lair:1:   basic_altar, lab_entry_generic
Lair:2:   elwin_shoals_entry_rocks
Lair:3:   minmay_lair_oklob_chamber, uniq_gastronok
Lair:4:   spider_nest_entry_web_field, minmay_lair_oklob_bushes
Lair:5:   slime_dummy
Lair:6:   due_jungle_book
Orc:1:    elves_outpost_lemuel
Orc:2:    st_orc_open
Lab:      nicolae_lab_dead_adventurers, nicolae_lab_grate_2,
          nicolae_lab_big_swirl, labyrinth_skeletal_remains, nicolae_lab_x,
          labyrinth_glass_1, nicolae_lab_diamond
Ossuary:  ossuary_zaba_flooded
Bailey:   bailey_polearm_4, bailey

Table legend:
 A = Turns spent in this place as a percentage of turns spent in the entire game.
 B = Non-inter-level travel turns spent in this place as a percentage of non-inter-level travel turns spent in the entire game.
 C = Inter-level travel turns spent in this place as a percentage of turns spent in this place.
 D = Turns resting spent in this place as a percentage of non-inter-level travel turns spent in this place.
 E = Turns spent auto-exploring this place as a percentage of non-inter-level travel turns spent in this place.
 F = Non-inter-level travel turns spent in this place divided by the number of levels of this place that you've seen.
                   A       B       C       D       E      F
               +-------+-------+-------+-------+-------+----------------------
         Total | 100.0 | 100.0 |   0.4 |   1.7 |   6.7 | 427.5
       Dungeon |  52.5 |  52.4 |   0.6 |   1.5 |   8.2 | 468.7
          Lair |  24.5 |  24.5 |   0.4 |   1.2 |   6.8 | 401.7
    Slime Pits |   0.0 |   0.0 |   0.0 |   0.0 |   0.0 |   1.0
  Orcish Mines |  12.8 |  12.8 |   0.4 |   2.3 |   5.4 | 629.5
     Labyrinth |   2.5 |   2.6 |   0.0 |   3.2 |   0.0 | 251.0
       Ossuary |   5.8 |   5.8 |   0.0 |   0.4 |   0.0 | 569.0
        Bailey |   1.9 |   1.9 |   0.0 |  10.2 |   4.8 | 186.0
               +-------+-------+-------+-------+-------+----------------------

Table legend:
 A = Kills in this place as a percentage of kills in entire the game.
 B = Kills by you in this place as a percentage of kills by you in the entire game.
 C = Kills by friends in this place as a percentage of kills by friends in the entire game.
 D = Other kills in this place as a percentage of other kills in the entire game.
 E = Experience gained in this place as a percentage of experience gained in the entire game.
 F = Experience gained in this place divided by the number of levels of this place that you have seen.
                   A       B       C       D       E      F
               +-------+-------+-------+-------+-------+----------------------
         Total | 100.0 | 100.0 | 100.0 | 100.0 | 100.0 | 3600.7
       Dungeon |  55.2 |  57.0 |  49.2 |  25.0 |  31.3 | 2354.7
          Lair |  22.6 |  21.7 |  35.4 |   5.0 |  41.7 | 5752.5
  Orcish Mines |  14.2 |  15.0 |  10.8 |   5.0 |  18.5 | 7647.0
     Labyrinth |   0.6 |   0.6 |   1.5 |   0.0 |   2.8 | 2313.0
       Ossuary |   4.8 |   5.6 |   0.0 |   0.0 |   0.9 | 764.0
        Bailey |   2.6 |   0.2 |   3.1 |  65.0 |   4.9 | 4029.0
               +-------+-------+-------+-------+-------+----------------------
